 Dungeon Crawl Stone Soup version 0.29-a0-284-gf9362112df (webtiles) character file.

Game seed: 3436159049942747433

325 ders the Magician (level 6, 0/60 HPs)
             Began as a Djinni Conjurer on Apr 1, 2022.
             Slain by a river rat (4 damage)
             ... in a sewer.
             The game lasted 00:03:06 (1926 turns).

ders the Magician (Djinni Conjurer)                 Turns: 1926, Time: 00:03:07

Health: 0/60       AC:  2    Str:  6    XL:     6   Next: 78%
Gold:   887        EV: 12    Int: 21    God:
                   SH:  0    Dex: 12

rFire   + + .      SeeInvis .   d - +1 dagger (vorpal)
rCold   x . .      Faith    .   (no shield)
rNeg    . . .      Spirit   .   a - +0 robe
rPois   ∞          Reflect  .   (no helmet)
rElec   .          Harm     .   (no cloak)
rCorr   .          Rampage  .   (no gloves)
Will    .....                   (boots unavailable)
Stlth   ..........              e - amulet of regeneration
HPRegen 1.00/turn               (no ring)
MPRegen 0.00/turn               (no ring)

@: berserking, flying, very quick
A: sickness immunity, fire resistance 2, cold vulnerability 1, float, innate
caster, HP casting, extra vitality 1
a: no special abilities


You were in a sewer.
You visited 1 branch of the dungeon, and saw 3 of its levels.
You also visited: Sewer.

You collected 887 gold pieces.

Inventory:

Hand Weapons
 d - a +1 vorpal dagger (weapon)
Armour
 a - a +0 robe (worn)
Jewellery
 e - an amulet of regeneration (around neck)
 n - an amulet of the acrobat
Scrolls
 b - a scroll of fog {unknown}
 i - a scroll of holy word
Potions
 f - a potion of invisibility {unknown}
 j - a potion of attraction {unknown}
 k - a potion of haste {unknown}
 l - 2 potions of berserk rage
 m - a potion of mutation {unknown}


   Skills:
 - Level 2.1 Dodging
 - Level 1.5 Stealth
 + Level 5.9 Spellcasting


You couldn't memorise any spells.
You knew the following spells:

 Your Spells              Type           Power      Damage    Failure   Level
a - Magic Dart            Conj           100%       1d8       1%          1
b - Searing Ray           Conj           62%        2d6       1%          2
c - Dazzling Flash        Conj/Hex       62%        N/A       2%          3
d - Fulminant Prism       Conj/Hex       15%        3d11      9%          4
e - Iskenderun's Mystic   Conj/Tloc      31%        2d8       9%          4
f - Beastly Appendage     Tmut           62%        N/A       1%          1
g - Static Discharge      Conj/Air       31%        N/A       1%          2
Your spell library was empty.

Dungeon Overview and Level Annotations

Branches:
Dungeon (3/15)              Sewer (1/1)

Altars:


Innate Abilities, Weirdness & Mutations

You are immune to sickness and miasma.
You are immune to poison.
Your flesh is very heat resistant. (rF++)
You are vulnerable to cold. (rC-)
You float through the air rather than walking.
You learn spells naturally, not from books.
Your magical power is your life essence.
You have superior vitality. (+4 MHP)


Message History

* * * LOW HITPOINT WARNING * * *
As you read the scroll labelled JUMNAT WOGHIPU, it crumbles to dust.
It is a scroll of brand weapon.
Your +1 dagger of speed emits a brilliant flash of light!
d - a +1 vorpal dagger (weapon)
The river rat bites you.
* * * LOW HITPOINT WARNING * * *
The river rat closely misses you. The endoplasm freezes you.
You are frozen.
You feel a terrible chill!
* * * LOW HITPOINT WARNING * * *
It was a potion of curing.
You feel better. The endoplasm freezes you.
You are frozen.
You feel a terrible chill!
* * * LOW HITPOINT WARNING * * *
The river rat bites you!
* * * LOW HITPOINT WARNING * * *
The river rat closely misses you.
You feel better.
The endoplasm splashes around in the water.
The river rat misses you. x2
It was a potion of berserk rage.
A red film seems to cover your vision as you go berserk!
You feel yourself moving faster!
You feel mighty!
The endoplasm hits you but does no damage.
The river rat bites you.
* * * LOW HITPOINT WARNING * * *
The river rat bites you!
* * * LOW HITPOINT WARNING * * *
You barely miss the river rat.
The river rat is heavily wounded.
You puncture the river rat!
You kill the river rat!
The endoplasm hits you.
* * * LOW HITPOINT WARNING * * *
The river rat closely misses you.
You puncture the endoplasm!
You kill the endoplasm!
The river rat bites you.
You die...

###...∩†####.....#
≈≈≈≈≈≈∩.≈≈≈†≈.....#
####≈≈≈..####≈..≈.#
##≈≈.## ##.)≈## ##
##≈## ##≈## #.?)###≈#
#≈# ≈?∩!≈)≈≈# #≈#
##≈# #≈# ##@## ##≈##
##r≈.## ##...##
.#####..≈..####≈....#
≈≈≈≈≈≈≈.†..)≈≈≈≈≈.≈.#
#####....≈####.≈...#
##...## ##.≈≈## ##≈##
##.## #≈# #.# #≈# #.#


You could see a river rat.

Vanquished Creatures
  2 kobold brigands (Sewer)
  7 adders
  3 gnolls (D:3)
  3 river rats (Sewer)
  4 worms
  A dart slug (D:1)
  An orc (D:3)
  9 ball pythons
  6 endoplasms
  A giant cockroach (D:1)
  4 goblins
  2 hobgoblins
  2 jackals (D:1)
  5 kobolds
  5 quokkas
  3 bats
  3 frilled lizards
  2 rats (D:2)
63 creatures vanquished.

Vanquished Creatures (others)
  3 fulminant prisms (Sewer)
3 creatures vanquished.

Grand Total: 66 creatures vanquished

Notes
Turn   | Place    | Note
-------+----------+-------------------------------------------
     0 | D:1      | ders the Djinni Conjurer began the quest for the Orb.
     0 | D:1      | Reached XP level 1. HP: 15/15 MP: 0/0
   327 | D:1      | Reached XP level 2. HP: 18/21 MP: 0/0
   432 | D:1      | Found a faded altar of an unknown god.
   629 | D:1      | Reached XP level 3. HP: 19/25 MP: 0/0
   629 | D:1      | Learned a level 1 spell: Beastly Appendage
  1110 | D:2      | Reached skill level 4 in Spellcasting
  1389 | D:2      | Reached XP level 4. HP: 31/31 MP: 0/0
  1739 | D:3      | Identified a scroll of acquirement
  1739 | D:3      | Acquired 771 gold pieces
  1784 | D:3      | Reached XP level 5. HP: 17/35 MP: 0/0
  1784 | D:3      | Learned a level 2 spell: Static Discharge
  1802 | D:3      | Found a glowing drain.
  1813 | Sewer    | Entered a sewer
  1824 | Sewer    | Reached skill level 5 in Spellcasting
  1885 | Sewer    | Noticed a kobold brigand
  1897 | Sewer    | Killed a kobold brigand
  1898 | Sewer    | Reached XP level 6. HP: 31/40 MP: 0/0
  1920 | Sewer    | HP: 1/40 [frozen (3)]
  1925 | Sewer    | HP: 3/60 [endoplasm (2)]
  1926 | Sewer    | Slain by a river rat

Illustrated notes

Levels and vault maps discovered:
D:1:      lemuel_arrival_tunnels, layout_basic, ebering_ecumenical_altar_mist
D:2:      minmay_diamond_boxcup, layout_loops_ring
D:3:      layout_basic, portal_sewer_entry_d
Sewer:    sewer_co_15_rooms

Skill      XL: |  1  2  3  4  5 |
---------------+----------------+-----
Spellcasting   | 4 5 |  5.9
Dodging        | |  2.1
Stealth        | |  1.5

Action                   |  1- 3 |  4- 6 || total
-------------------------+-------+-------++-------
Melee: Dagger            |       |     3 ||     3
 Cast: Magic Dart        |    63 |    44 ||   107
       Searing Ray       |     8 |    12 ||    20
       Fulminant Prism   |       |     3 ||     3
  Use: Scroll            |       |     5 ||     5
       Potion            |       |     3 ||     3
Armor: Robe              |     2 |     3 ||     5
Dodge: Dodged            |    11 |    12 ||    23

Table legend: (Time is in decaauts)
 A = Elapsed time spent in this place.
 B = Non-inter-level travel time spent in this place.
 C = Inter-level travel time spent in this place.
 D = Time resting spent in this place.
 E = Time spent auto-exploring this place.
 F = Levels seen in this place.
 G = Mean time per level.
                   A        B        C        D        E       F      G
               +--------+--------+--------+--------+--------+-----+--------+
         Total |   1924 |   1848 |     76 |     19 |   1541 |   4 |  481.0 |
       Dungeon |   1811 |   1735 |     76 |     19 |   1505 |   3 |  603.7 |
         Sewer |    112 |    112 |      0 |      0 |     36 |   1 |  112.0 |
               +--------+--------+--------+--------+--------+-----+--------+

Top non-repeatable levels by time:
     D:1: 978 daAuts
     D:2: 755 daAuts
   Sewer: 112 daAuts
     D:3: 77 daAuts
